 Dungeon Crawl Stone Soup version 0.28-a0-268-g3f656e82c2 (webtiles) character file.

Game seed: 9587705981726165062

31360 PentaManta the Brawler (level 13, -4/133 HPs)
             Began as a Troll Transmuter on Aug 28, 2021.
             Was a High Priest of Nemelex Xobeh.
             Slain by a catoblepas (7 damage)
             ... while petrified by a catoblepas
             ... on level 6 of the Lair of Beasts.
             The game lasted 00:29:11 (14518 turns).

PentaManta the Brawler (Troll Transmuter)          Turns: 14518, Time: 00:29:12

Health: -4/133     AC: 11    Str: 21    XL:     13   Next: 25%
Magic:  13/13      EV:  1    Int: 13    God:    Nemelex Xobeh [*****.]
Gold:   939        SH:  0    Dex: 10    Spells: 10/14 levels left

rFire   + . .      SeeInvis .     - Unarmed
rCold   . . .      Faith    .   (no shield)
rNeg    + + +      Spirit   .   L - +1 steam dragon scales
rPois   ∞          Reflect  .   (helmet restricted)
rElec   .          Harm     .   m - +2 cloak {rPois}
rCorr   .          Rampage  .   (gloves unavailable)
Will    +....                   (boots unavailable)
Stlth   +.........              (no amulet)
HPRegen 1.32/turn               v - ring of willpower
MPRegen 0.13/turn               a - ring of protection from fire

@: petrified, studying Armour
A: large, unfitting armour, claws 3, regeneration 1, shaggy fur 1, tough skin 1
a: Renounce Religion, Draw Escape, Draw Destruction, Draw Summoning, Triple
Draw, Deal Four, Stack Five


You were on level 6 of the Lair of Beasts.
You worshipped Nemelex Xobeh.
Nemelex Xobeh was extremely pleased with you.
You visited 3 branches of the dungeon, and saw 18 of its levels.
You also visited: Volcano.

You collected 1141 gold pieces.
You spent 202 gold pieces at shops.

Inventory:

Hand Weapons
 w - a +2 broad axe of flaming
 O - a +3 shortbow of flaming
Missiles
 l - 12 boomerangs
 o - 3 throwing nets
 D - 7 large rocks
 J - a curare-tipped dart
 K - 66 poisoned darts (quivered)
 P - 58 arrows
Armour
 m - a +2 cloak of poison resistance (worn)
 L - +1 steam dragon scales (worn)
Jewellery
 a - a ring of protection from fire (right claw)
 d - a +6 ring of strength
 p - a ring of protection from cold
 q - a +6 ring of strength
 v - a ring of willpower (left claw)
 M - a ring of protection from cold
Wands
 A - a wand of polymorph (17)
 H - a wand of flame (18)
 N - a wand of charming (13)
 V - a wand of acid (5)
 W - a wand of iceblast (6)
Scrolls
 b - a scroll of blinking
 c - a scroll of fog
 i - a scroll of vulnerability
 j - a scroll of immolation
 n - 5 scrolls of identify
 t - 5 scrolls of amnesia {unknown}
 x - 2 scrolls of fear
 y - 4 scrolls of noise {unknown}
 B - a scroll of enchant armour
 C - a scroll of teleportation
 Q - a scroll of enchant weapon {unknown}
 R - a scroll of acquirement {unknown}
 S - a scroll of summoning
Potions
 e - 8 potions of heal wounds
 f - 2 potions of might
 g - 2 potions of invisibility
 h - 4 potions of magic {unknown}
 k - 4 potions of mutation {unknown}
 r - a potion of berserk rage {unknown}
 s - 3 potions of attraction
 u - 4 potions of flight {unknown}
 z - 3 potions of resistance {unknown}
 E - 2 potions of lignification {unknown}
 F - 5 potions of curing {unknown}
 G - 3 potions of haste {unknown}
 I - 4 potions of brilliance {unknown}
 U - a potion of degeneration {unknown}
Miscellaneous
 T - a phantom mirror


   Skills:
 * Level 10.0 Fighting
 * Level 10.1 Dodging
 - Level 15.0 Unarmed Combat
 - Level 1.2 Spellcasting
 - Level 1.3 Transmutations
 * Level 2.4 Invocations


You had 10 spell levels left.
You knew the following spells:

 Your Spells              Type           Power      Damage    Failure   Level
a - Beastly Appendage     Tmut           8%         N/A       16%         1
b - Spider Form           Tmut/Pois      1%         N/A       52%         3

Your spell library contained the following spells:

 Spells                   Type           Power      Damage    Failure   Level
 Sting                    Tmut/Pois      8%         1d3       21%         1
 Wereblood                Tmut           4%         N/A       24%         2
 Animate Skeleton         Necr           0%         N/A       28%         1
 Apportation              Tloc           0%         N/A       28%         1
 Corona                   Hex            0%         N/A       28%         1
 Pain                     Necr           0%         1d4       28%         1
 Sandblast                Erth           0%         2d4       28%         1
 Shock                    Conj/Air       0%         1d3       28%         1
 Summon Small Mammal      Summ           0%         N/A       28%         1
 Passwall                 Tmut/Erth      1%         N/A       30%         2
 Blink                    Tloc           N/A        N/A       38%         2
 Ensorcelled Hibernation  Hex/Ice        0%         N/A       38%         2
 Poisonous Vapours        Pois/Air       0%         N/A       38%         2
 Sublimation of Blood     Necr           0%         N/A       38%         2
 Ignite Poison            Fire/Tmut/Pois 2%         N/A       56%         3
 Gell's Gravitas          Tloc           0%         N/A       63%         3
 Lesser Beckoning         Tloc           0%         N/A       63%         3
 Stone Arrow              Conj/Erth      0%         3d7       63%         3
 Teleport Other           Tloc           0%         N/A       63%         3
 Ice Form                 Ice/Tmut       2%         N/A       90%         4
 Petrify                  Tmut/Erth      2%         N/A       90%         4
 Animate Armour           Summ/Erth      0%         N/A       95%         4
 Olgreb's Toxic Radiance  Pois           0%         N/A       95%         4
 Blade Hands              Tmut           2%         N/A       99%         5
 Irradiate                Conj/Tmut      1%         3d14      99%         5
 Manifold Assault         Tloc           0%         N/A       100%        5
 Dispersal                Tloc           0%         N/A       100%        6
 Eringya's Noxious Bog    Tmut/Pois      1%         N/A       100%        6
 Shadow Creatures         Summ           N/A        N/A       100%        6
 Dragon Form              Tmut           2%         N/A       100%        7
 Summon Hydra             Summ           0%         N/A       100%        7
 Disjunction              Tloc           0%         N/A       100%        8
 Lehudib's Crystal Spear  Conj/Erth      0%         10d2      100%        8
 Necromutation            Tmut/Necr      1%         N/A       100%        8


Dungeon Overview and Level Annotations

Branches:
Dungeon (11/15)            Temple (1/1) D:7            Lair (6/6) D:10
 Shoals (0/4) Lair:3        Snake (0/4) Lair:4          Orc (0/2) D:9
Volcano (visited)
  Slime: Lair:5-6

Altars:
Ashenzari
Cheibriados
Dithmenos
Elyvilon
Fedhas
Gozag
Hepliaklqana
Kikubaaqudgha
Makhleb
Nemelex Xobeh
Okawaru
Qazlal
Ru
Sif Muna
Trog
Uskayaw
Vehumet
Wu Jian
Xom
Yredelemnul
Zin
The Shining One

Shops:
D:4 =   D:9 *

Annotations:
D:6 Pikel
D:8 2 transporters, zluc's ghost, novice DrCj


Innate Abilities, Weirdness & Mutations

You are too large for most types of armour.
You have claws for hands.
Your natural rate of healing is unusually fast.
You are covered in fur. (AC +1)
You have tough skin. (AC +1)


Message History

The four-headed hydra bites you but does no damage.
The four-headed hydra bites you! x3; The catoblepas gores you!!
The four-headed hydra bites you! The four-headed hydra bites you. x2
The four-headed hydra bites you but does no damage.
The catoblepas gores you!!
* * * LOW HITPOINT WARNING * * *
The four-headed hydra bites you.
* * * LOW HITPOINT WARNING * * *
The four-headed hydra completely misses you.
The four-headed hydra bites you!
* * * LOW HITPOINT WARNING * * *
The four-headed hydra bites you.
* * * LOW HITPOINT WARNING * * *
The catoblepas gores you.
* * * LOW HITPOINT WARNING * * *
The four-headed hydra bites you but does no damage.
The four-headed hydra bites you!
* * * LOW HITPOINT WARNING * * *
The four-headed hydra bites you!
* * * LOW HITPOINT WARNING * * *
The four-headed hydra bites you but does no damage.
The catoblepas gores you!
* * * LOW HITPOINT WARNING * * *
The four-headed hydra bites you.
* * * LOW HITPOINT WARNING * * *
The four-headed hydra bites you.
* * * LOW HITPOINT WARNING * * *
The four-headed hydra barely misses you.
The four-headed hydra bites you.
* * * LOW HITPOINT WARNING * * *
The catoblepas gores you!
* * * LOW HITPOINT WARNING * * *
The four-headed hydra bites you!
* * * LOW HITPOINT WARNING * * *
The four-headed hydra bites you.
* * * LOW HITPOINT WARNING * * *
The four-headed hydra bites you but does no damage. x2
The catoblepas gores you!
You die...
Your body glows with a rainbow of weird colours and disappears.

.##.# #..# #..#..##..#
..PP......##
...........#
...........#
...........### ..
#.......#.P### .).
#.#.....#.P..# ...P
#..†...@D...###....
..P.#.....†Y....#.....
......................
#....................
####..........!.#...
#P...........##
#.P.#..#...#.#
##############


You could see a catoblepas and a four-headed hydra.

Vanquished Creatures
  A red draconian (Volcano)
  Harold (D:8)
  Erolcha (D:10)
  A boulder beetle (D:10)
  3 hydras (Lair:2)
  2 centaur warriors
  6 two-headed ogres
  A cyclops (D:10)
  3 black mambas
  5 elephants (Lair:5)
  6 cane toads
  5 komodo dragons
  A torpor snail (Lair:3)
  2 yaktaurs (Volcano)
  10 blink frogs
  4 dream sheep (Lair:4)
  A slime creature (D:9)
  8 wyverns
  18 yaks
  4 basilisks
  A steam dragon (D:8)
  4 nagas
  13 water moccasins
  A floating eye (D:9)
  A hornet zombie (D:9)
  7 orc warriors
  2 ice beasts
  3 black bears
  An ogre (D:7)
  7 centaurs
  9 wolves
  2 kobold brigands
  15 bullfrogs
  2 scorpions
  4 wights
  4 howler monkeys
  4 centaur zombies
  3 hounds
  10 orc priests
  A centaur skeleton (D:7)
  Crazy Yiuf (D:3)
  4 iguanas
  13 orc wizards
  A hound zombie (D:5)
  A hound skeleton (D:4)
  A howler monkey zombie (D:8)
  2 howler monkey skeletons
  4 gnolls
  8 adders
  An ufetubus (D:5)
  2 adder skeletons (D:4)
  2 worms
  A dart slug (D:1)
  44 orcs
  6 ball pythons
  5 bats
  8 endoplasms
  8 giant cockroaches
  6 hobgoblins
  4 quokkas
  A frilled lizard (D:3)
  8 goblins
  18 kobolds
  5 rats
331 creatures vanquished.

Vanquished Creatures (others)
  18 fungi
  24 plants
42 creatures vanquished.

Grand Total: 373 creatures vanquished

Notes
Turn   | Place    | Note
-------+----------+-------------------------------------------
     0 | D:1      | PentaManta the Troll Transmuter began the quest for the
                  | Orb.
     0 | D:1      | Reached XP level 1. HP: 18/18 MP: 1/1
    27 | D:1      | Reached XP level 2. HP: 14/26 MP: 2/2
   116 | D:1      | Reached skill level 4 in Unarmed Combat
   278 | D:1      | Found a faded altar of an unknown god.
   339 | D:1      | Reached XP level 3. HP: 28/32 MP: 3/3
   875 | D:2      | Got A Beginning Course on Witchery
  1190 | D:2      | Reached XP level 4. HP: 38/40 MP: 4/4
  1192 | D:2      | Reached skill level 5 in Unarmed Combat
  2625 | D:3      | Found a runed translucent door.
  2626 | D:3      | Noticed Crazy Yiuf
  2849 | D:3      | Killed Crazy Yiuf
  2850 | D:3      | Reached XP level 5. HP: 46/46 MP: 5/5
  2990 | D:4      | Reached skill level 6 in Unarmed Combat
  3152 | D:4      | Reached XP level 6. HP: 52/54 MP: 6/6
  3160 | D:4      | Reached skill level 7 in Unarmed Combat
  3410 | D:4      | You fall into a shaft and drop 1 floor!
  3410 | D:5      | Entered Level 5 of the Dungeon
  3701 | D:5      | Reached skill level 8 in Unarmed Combat
  3701 | D:5      | Reached XP level 7. HP: 55/61 MP: 7/7
  3751 | D:5      | Found a hide-covered altar of Uskayaw.
  4216 | D:4      | Reached skill level 9 in Unarmed Combat
  4362 | D:4      | Reached XP level 8. HP: 67/68 MP: 8/8
  4371 | D:4      | Reached skill level 10 in Unarmed Combat
  4427 | D:4      | Found Plog's Jewellery Emporium.
  4763 | D:6      | Noticed Pikel
  4843 | D:7      | Found a staircase to the Ecumenical Temple.
  4871 | Temple   | Entered the Ecumenical Temple
  5178 | Temple   | Became a worshipper of Nemelex Xobeh the Trickster
  5302 | D:7      | Reached skill level 11 in Unarmed Combat
  5568 | D:8      | Found a transporter.
  5620 | D:8      | Noticed a two-headed ogre
  5628 | D:8      | Killed a two-headed ogre
  5629 | D:8      | Reached skill level 12 in Unarmed Combat
  5629 | D:8      | Reached XP level 9. HP: 40/75 MP: 9/9
  5633 | D:8      | Learned a level 3 spell: Spider Form
  5693 | D:8      | Found a transporter.
  5697 | D:8      | Identified the +0 ring mail "Kifima" {rF+ rCorr}
  5697 | D:8      | Identified the +4 kite shield "Pithou" {-Tele Int+3 Dex+2}
  5754 | D:8      | Noticed Harold
  5759 | D:8      | Killed Harold
  5760 | D:8      | Reached skill level 13 in Unarmed Combat
  5871 | D:8      | Noticed a two-headed ogre
  5885 | D:8      | Noticed zluc's ghost (novice DrCj)
  5891 | D:8      | Identified the ring of Elyvilon's Respect {Dex+5 SInv}
  5899 | D:8      | Killed a two-headed ogre
  5904 | D:8      | Reached skill level 14 in Unarmed Combat
  5941 | D:8      | Noticed a two-headed ogre
  5974 | D:8      | Killed a two-headed ogre
  5975 | D:8      | Reached XP level 10. HP: 41/83 MP: 10/10
  6560 | D:9      | Found a staircase to the Orcish Mines.
  6602 | D:8      | Reached skill level 1 in Fighting
  6742 | D:9      | Found Daojepif's Assorted Antiques.
  6744 | D:9      | Reached * piety under Nemelex Xobeh
  6754 | D:9      | Bought a glass wand for 104 gold pieces
  6754 | D:9      | Bought a scroll labelled HAKYSA ISYPHU for 26 gold pieces
  6754 | D:9      | Bought a viscous blue potion for 23 gold pieces
  6754 | D:9      | Bought a silvery potion for 23 gold pieces
  6754 | D:9      | Bought a scroll labelled HAH JOAPUBACK for 26 gold pieces
  7183 | D:9      | Noticed a centaur warrior
  7189 | D:9      | Killed a centaur warrior
  7306 | D:9      | Received a gift from Nemelex Xobeh
  7519 | D:9      | Reached ** piety under Nemelex Xobeh
  7549 | D:9      | Noticed a two-headed ogre
  7549 | D:9      | Noticed a two-headed ogre
  7554 | D:9      | Killed a two-headed ogre
  7683 | D:9      | Reached skill level 15 in Unarmed Combat
  7683 | D:9      | Reached XP level 11. HP: 100/100 MP: 11/11
  7691 | D:9      | Killed a two-headed ogre
  7768 | D:9      | Paralysed by a floating eye for 2 turns
  7872 | D:10     | Entered Level 10 of the Dungeon
  7942 | D:10     | Noticed a two-headed ogre
  7943 | D:10     | Noticed Erolcha
  7949 | D:10     | Killed a two-headed ogre
  7950 | D:10     | Reached skill level 5 in Fighting
  7950 | D:10     | Reached skill level 5 in Dodging
  7956 | D:10     | Killed Erolcha
  8019 | D:10     | Found a staircase to the Lair.
  8141 | D:10     | Got the Tome of Transmutation
  8266 | D:10     | Received a gift from Nemelex Xobeh
  8291 | D:10     | Noticed a boulder beetle
  8302 | D:10     | Killed a boulder beetle
  8684 | Lair:1   | Entered Level 1 of the Lair of Beasts
  8725 | Lair:1   | HP: 3/107 [water moccasin (5)]
  8881 | Lair:1   | Reached *** piety under Nemelex Xobeh
  8901 | Lair:1   | Found a dark tunnel.
  8906 | Volcano  | Entered a volcano
  8906 | Volcano  | Received a gift from Nemelex Xobeh
  8913 | Volcano  | Noticed a red draconian
  8923 | Volcano  | Killed a red draconian
  8924 | Volcano  | Reached XP level 12. HP: 65/118 MP: 12/12
  9053 | Volcano  | Noticed a centaur warrior
  9060 | Volcano  | Killed a centaur warrior
  9324 | Lair:1   | Received a gift from Nemelex Xobeh
  9622 | Lair:1   | Reached **** piety under Nemelex Xobeh
  9622 | Lair:1   | Received a gift from Nemelex Xobeh
 10375 | Lair:2   | Received a gift from Nemelex Xobeh
 10399 | Lair:2   | Noticed a five-headed hydra
 10409 | Lair:2   | Killed a five-headed hydra
 10587 | Lair:2   | Noticed a five-headed hydra
 10608 | Lair:2   | Killed a six-headed hydra
 10766 | Lair:2   | Received a gift from Nemelex Xobeh
 10960 | Lair:2   | Noticed an eight-headed hydra
 10964 | Lair:2   | Killed an eight-headed hydra
 11513 | Lair:3   | Identified the +10 broad axe of Rairreg {elec, *Corrode
                  | MP+9 Int+4}
 11795 | Lair:3   | Reached ***** piety under Nemelex Xobeh
 11840 | Lair:3   | Found a staircase to the Shoals.
 11943 | Lair:3   | Received a gift from Nemelex Xobeh
 12494 | Lair:4   | Found a staircase to the Snake Pit.
 12514 | Lair:4   | Reached XP level 13. HP: 131/131 MP: 13/13
 12565 | Lair:4   | Received a gift from Nemelex Xobeh
 12968 | Lair:4   | Received a gift from Nemelex Xobeh
 13396 | Lair:5   | Reached skill level 1 in Invocations
 13418 | Lair:5   | Reached skill level 10 in Dodging
 13681 | Lair:5   | Received a gift from Nemelex Xobeh
 13787 | Lair:5   | Identified the +3 battleaxe of Imbalance {venom, rElec
                  | rPois Int-2 Dex-2}
 13840 | Lair:5   | Reached skill level 10 in Fighting
 14411 | Lair:6   | Entered Level 6 of the Lair of Beasts
 14518 | Lair:6   | HP: 5/133 [four-headed hydra (6)]
 14518 | Lair:6   | Slain by a catoblepas

Illustrated notes

Levels and vault maps discovered:
D:1:      beargit_arrival_greenhouse, layout_basic,
          ebering_ecumenical_altar_petrified
D:2:      layout_basic
D:3:      wad_woods_pond, layout_basic, minmay_circle_x, uniq_crazy_yiuf_cottage
D:4:      layout_loops_cross, serial_shops, kennysheep_little_box,
          minmay_joined_circles
D:5:      layout_cave_pods, mainiacjoe_overflow_alcove_1
D:6:      layout_loops_ring, serial_shops, nicolae_square_shop, uniq_pikel,
          uniq_maggie
D:7:      layout_rooms, minmay_temple_entry_junction_2
D:8:      layout_loops_ring, gammafunk_ghost_gnarly_gnolls, uniq_harold
D:9:      minmay_tri_box, layout_irregular_city, david_orc_3, serial_shops,
          shop, onia_ninara_cookie
D:10:     layout_basic, minmay_lair_entry_grove, columned_hall_lemuel,
          minmay_misc_feat_pillars, uniq_erolcha
D:11:     layout_cave_pools, nicolae_lava_and_water, uniq_sonja
Temple:   nicolae_temple_the_god_donut
Lair:1:   layout_layer_cave, nicolae_volcano_entry_s_turn
Lair:2:   layout_hall_layers, minmay_hedge_maze, minivault_11,
          chequers_serial_rivers_small_b, chequers_serial_rivers_large_b
Lair:3:   layout_chaotic_city, shoals_dummy_entry
Lair:4:   layout_gridlike, minmay_snake_entry_guardpost_small
Lair:5:   layout_cave_pods, st_stairs_6, serial_bayou_shore_a, lemuel_fruit_tree
Lair:6:   grunt_lair_end_beastmaster, layout_gridlike,
          minmay_slime_entry_jelly_boxes

Skill      XL: |  1  2  3  4  5  6  7  8  9 10 11 12 13 |
---------------+----------------------------------------+-----
Unarmed Combat | 4 5 6 8 9 12 14 15 | 15.0
Fighting       | 4 7 9 10 | 10.0
Dodging        | 4 7 9 10 | 10.1
Invocations    | 2 |  2.4
Spellcasting   | |  1.2
Transmutations | |  1.3

Action                   |  1- 3 |  4- 6 |  7- 9 | 10-12 | 13-15 || total
-------------------------+-------+-------+-------+-------+-------++-------
Melee: Unarmed           |    98 |   170 |   161 |   515 |   138 ||  1082
       Punch             |     2 |       |     8 |    41 |     6 ||    57
 Fire: Shortbow          |       |       |       |     3 |       ||     3
       Arbalest          |       |       |       |     2 |       ||     2
Throw: Boomerang         |       |       |     2 |       |       ||     2
       Javelin           |       |       |     6 |     1 |       ||     7
       Large rock        |       |       |     1 |       |       ||     1
       Dart              |       |       |       |     2 |       ||     2
 Cast: Beastly Appendage |     2 |       |       |       |       ||     2
Invok: Draw Destruction  |       |       |       |    14 |     1 ||    15
  Use: Scroll            |       |       |     2 |    10 |       ||    12
 Stab: Sleeping          |       |     1 |     1 |       |       ||     2
       Distracted        |       |       |     1 |       |       ||     1
Armor: Robe              |    18 |    71 |    49 |    52 |       ||   190
       Steam dragon scal |       |       |       |   151 |    79 ||   230
Dodge: Dodged            |    41 |    78 |    62 |   261 |   119 ||   561

Table legend: (Time is in decaauts)
 A = Elapsed time spent in this place.
 B = Non-inter-level travel time spent in this place.
 C = Inter-level travel time spent in this place.
 D = Time resting spent in this place.
 E = Time spent auto-exploring this place.
 F = Levels seen in this place.
 G = Mean time per level.
                   A        B        C        D        E       F      G
               +--------+--------+--------+--------+--------+-----+--------+
         Total |  14351 |  13853 |    498 |    706 |  10060 |  19 |  755.3 |
       Dungeon |   8240 |   7991 |    249 |    259 |   5836 |  11 |  749.1 |
        Temple |    325 |    308 |     17 |      0 |    219 |   1 |  325.0 |
          Lair |   5519 |   5287 |    232 |    425 |   3956 |   6 |  919.8 |
       Volcano |    266 |    266 |      0 |     22 |     49 |   1 |  266.0 |
               +--------+--------+--------+--------+--------+-----+--------+

Top non-repeatable levels by time:
  Lair:1: 1385 daAuts
     D:3: 1235 daAuts
     D:8: 1197 daAuts
  Lair:2: 1159 daAuts
  Lair:5: 1116 daAuts
     D:9: 1080 daAuts
  Lair:3: 914 daAuts
  Lair:4: 899 daAuts
     D:4: 865 daAuts
     D:1: 864 daAuts
     D:5: 818 daAuts
     D:2: 796 daAuts
    D:10: 766 daAuts
     D:7: 428 daAuts
  Temple: 325 daAuts
